 Dungeon Sprint DCSS version 0.16.1-28-gcc2312f (webtiles) character file.

1839 Kidiri the Fighter (level 8, -29/123 HPs)
             Began as a Demonspawn Transmuter on May 31, 2015.
             Was the Champion of Jiyva.
             Killed from afar by a molten gargoyle (31 damage)
             ... with a bolt of magma
             ... in the Dungeon (Sprint VII: "The Pits").
             The game lasted 00:10:51 (985 turns).

Kidiri the Fighter (Demonspawn Transmuter)           Turns: 985, Time: 00:10:52

Health: -29/123    AC:  7    Str: 13      XL:     8   Next: 87%
Magic:  25/25      EV: 14    Int: 19      God:    Jiyva [******]
Gold:   0          SH:  0    Dex: 15 (16) Spells: 5 memorised, 7 levels left

rFire  x . .     SeeInvis .       - Unarmed
rCold  + + +     Clarity  +     c - melded +0 robe
rNeg   . . .     SustAb   .     (shield currently unavailable)
rPois  +         Gourm    .     (helmet currently unavailable)
rElec  .         Spirit   .     (cloak currently unavailable)
rCorr  +         Warding  .     (gloves currently unavailable)
rMut   .         NoTele   +     (boots currently unavailable)
MR     +....                    (no amulet)
Stlth  ..........               (no ring)
                                (no ring)

@: berserking (expiring), lethally poisoned (-29 -> -29), ice-form, very quick,
somewhat resistant to hostile enchantments, extremely unstealthy
A: (fangs 0), (talons 0), (iridescent scales 0), agile 1, clarity, (fire
resistance 0), high mp 1, magic resistance 1, mutation resistance 1, powered by
death 1, regeneration 1
a: End Transformation, Request Jelly, Jelly Paralyse, Slimify, Cure Bad
Mutation, Renounce Religion


You were in the Dungeon.
You worshipped Jiyva.
Jiyva was exalted by your worship.
You were full.
You were a creature of crystalline ice.
You visited 1 branch

Inventory:

Missiles
 b - 36 arrows
Armour
 c - a +0 robe (melded)
Scrolls
 n - 3 scrolls of remove curse
 o - 5 scrolls of amnesia
 p - a scroll of summoning
Potions
 e - 4 potions of curing
 g - a potion of haste
 h - 4 potions of magic
 i - 2 potions of berserk rage
 m - 2 potions of invisibility
Books
 d - a book of Changes

   Spells                             Type                      Level
   a - Beastly Appendage              Transmutation                1
   b - Sticks to Snakes               Transmutation                2
   c - Spider Form                    Transmutation/Poison         3
   d - Ice Form                       Ice/Transmutation            4
   e - Blade Hands                    Transmutation                5
Comestibles
 a - 8 bread rations
 k - 40 fruits
 l - 7 meat rations


   Skills:
 * Level 8.4 Fighting
 * Level 7.9 Dodging
 * Level 8.1 Unarmed Combat
 * Level 7.9 Spellcasting
 * Level 7.9 Transmutations
 + Level 4.7 Ice Magic
 + Level 5.0 Poison Magic


You had 7 spell levels left.
You knew the following spells:

 Your Spells              Type           Power        Failure   Level  Hunger
a - Beastly Appendage     Trmt           #####.       1%          1    None
b - Sticks to Snakes      Trmt           #####.....   1%          2    None
c - Spider Form           Trmt/Pois      ####......   1%          3    None
d - Ice Form              Ice/Trmt       ####....     10%         4    ###....
e - Blade Hands           Trmt           #####.....   12%         5    #####..


Dungeon Overview and Level Annotations

Branches:
Dungeon (1/1)

Altars:
Ashenzari
Cheibriados
Dithmenos
Elyvilon
Fedhas
Gozag
Kikubaaqudgha
Makhleb
Nemelex Xobeh
Okawaru
Qazlal
Ru
Sif Muna
Trog
Vehumet
Xom
Yredelemnul
Zin
The Shining One
Beogh
Jiyva
Lugonu


Innate Abilities, Weirdness & Mutations

((You have sharp toenails.))
((You are partially covered in iridescent scales (AC +4).))
You can steal the life force of nearby defeated enemies.
((You have very sharp teeth.))
You are agile. (Dex +2)
You possess an exceptional clarity of mind.
((Your flesh is heat resistant.))
You have an increased reservoir of magic (+10% MP).
You are resistant to hostile enchantments.
You are somewhat resistant to further mutation.
Your natural rate of healing is unusually fast.


Message History

* * * LOW HITPOINT WARNING * * *
The deep troll claws you!
* * * LOW HITPOINT WARNING * * *
You are too berserk!
You feel a strong urge to attack something.
You feel sick.
Your death ooze hits the deep troll.
The deep troll rots!
The deep troll rots!
Your death ooze hits the deep troll!!
You see here a javelin.
You pummel the redback!! You freeze the redback.
The redback is severely wounded.
You feel sick. The deep troll bites your death ooze!!
Your death ooze is destroyed!
The redback completely misses you.
You punch the redback! You freeze the redback.
You kill the redback!
Your Poison Magic skill increases to level 5!
You feel sick.
The molten gargoyle blasts magma at you!
The bolt of magma hits you! The lava burns you terribly!
You die...

....'................+
#####......#..#......#
#..##................#
#..#####'#####''######
#..##.......##('#####
#..##.......##(.)...#
#..##.......##.((...#
#'###...<...###....##
...##.......# ##Y'##
...##.......###.(.9##
#####.......##..T...#
#..###########......'....
#.############...)..#...
#†#....#....###.B..###..
#'#....#....# ##''##
#.'....'....# ....
#'#....#....# .....


You could see a deep troll (rotting), a goliath beetle and a molten gargoyle.

Vanquished Creatures
  2 redbacks (D)
  5 wolves (D)
  A necrophage (D)
  A giant frog (D)
  A centaur (D)
  A scorpion (D)
  A worker ant (D)
  Jessica (D)
  2 gnolls (D)
  A giant mite (D)
  A giant eyeball (D)
  An adder skeleton (D)
  An orc (D)
  A goblin (D)
  A kobold (D)
  A bat (D)
  A giant cockroach (D)
  A giant gecko zombie (D)
24 creatures vanquished.

Vanquished Creatures (collateral kills)
  Urug (D)
  A deep elf fighter (D)
  A warg (D)
  A gnoll sergeant (D)
  A quasit (D)
  An iguana (D)
  A gnoll shaman (D)
  9 gnolls (D)
  An orc (D)
  A bat (D)
18 creatures vanquished.

Vanquished Creatures (others)
  A death ooze (D)
  10 jellies (D)
  A bat simulacrum (D)
12 creatures vanquished.

Grand Total: 54 creatures vanquished

Notes
Turn   | Place    | Note
--------------------------------------------------------------
     0 | D        | Kidiri, the Demonspawn Transmuter, began the quest for the Orb.
     0 | D        | Reached XP level 1. HP: 15/15 MP: 3/3
    21 | D        | Paralysed by a giant eyeball for 4 turns
    26 | D        | Reached skill level 3 in Unarmed Combat
    37 | D        | Found a sacrificial altar of Ru.
    37 | D        | Found a basalt altar of Yredelemnul.
    37 | D        | Found a shadowy altar of Dithmenos.
    37 | D        | Found a deep blue altar of Sif Muna.
    37 | D        | Found a burning altar of Makhleb.
    37 | D        | Found a shimmering altar of Xom.
    37 | D        | Found an ancient bone altar of Kikubaaqudgha.
    37 | D        | Found a sparkling altar of Nemelex Xobeh.
    38 | D        | Found a glowing golden altar of the Shining One.
    38 | D        | Found a bloodstained altar of Trog.
    38 | D        | Found a shattered altar of Ashenzari.
    38 | D        | Found a white marble altar of Elyvilon.
    38 | D        | Found a snail-covered altar of Cheibriados.
    38 | D        | Found a blossoming altar of Fedhas.
    38 | D        | Found a radiant altar of Vehumet.
    38 | D        | Found a glowing silver altar of Zin.
    38 | D        | Found a corrupted altar of Lugonu.
    38 | D        | Found a viscous altar of Jiyva.
    38 | D        | Found a roughly hewn altar of Beogh.
    38 | D        | Found an iron altar of Okawaru.
    44 | D        | Found a stormy altar of Qazlal.
    45 | D        | Found an opulent altar of Gozag.
    47 | D        | Became a worshipper of Jiyva Junoanoj the Shapeless
    62 | D        | Acquired Jiyva's first power
    62 | D        | Acquired Jiyva's second power
    73 | D        | Gained mutation: Your natural rate of healing is unusually fast. [Jiyva's grace]
    77 | D        | Acquired Jiyva's third power
    77 | D        | Gained mutation: Your system is resistant to poisons. [Jiyva's grace]
    79 | D        | Gained mutation: You can steal the life force of nearby defeated enemies. [demonic ancestry]
    79 | D        | Reached XP level 2. HP: 11/22 MP: 3/5
    79 | D        | Lost mutation: Your natural rate of healing is unusually fast. [Jiyva's grace]
    79 | D        | Acquired Jiyva's fourth power
    83 | D        | Learned a level 2 spell: Sticks to Snakes
    83 | D        | Gained mutation: You have large cloven feet. [Jiyva's grace]
   134 | D        | Lost mutation: Your system is resistant to poisons. [Jiyva's grace]
   140 | D        | Gained mutation: You are agile. (Dex +2) [Jiyva's grace]
   267 | D        | Noticed a worker ant
   276 | D        | Killed a worker ant
   276 | D        | Reached XP level 3. HP: 18/29 MP: 5/8
   277 | D        | Noticed a gnoll shaman
   281 | D        | Reached skill level 4 in Unarmed Combat
   283 | D        | Killed a gnoll shaman
   283 | D        | Reached XP level 4. HP: 17/36 MP: 6/10
   294 | D        | Learned a level 3 spell: Spider Form
   299 | D        | Learned a level 4 spell: Ice Form
   322 | D        | Gained mutation: You are resistant to electric shocks. [Jiyva's grace]
   322 | D        | Gained mutation: You are very agile. (Dex +4) [Jiyva's grace]
   323 | D        | Lost mutation: You have large cloven feet. [Jiyva's grace]
   325 | D        | Gained mutation: You have large cloven feet. [Jiyva's grace]
   330 | D        | Lost mutation: You have large cloven feet. [Jiyva's grace]
   379 | D        | Gained mutation: Armour fits poorly on your pseudopods. [Jiyva's grace]
   380 | D        | Lost mutation: You are resistant to electric shocks. [Jiyva's grace]
   382 | D        | Gained mutation: Thin tendrils of slime have grown from your body. [Jiyva's grace]
   384 | D        | Gained mutation: You tend to lose your temper in combat. [Jiyva's grace]
   385 | D        | Lost mutation: You tend to lose your temper in combat. [Jiyva's grace]
   386 | D        | Lost mutation: Armour fits poorly on your pseudopods. [Jiyva's grace]
   387 | D        | Noticed a gnoll sergeant
   389 | D        | Noticed Jessica
   390 | D        | Noticed a deep elf fighter
   390 | D        | Lost mutation: Thin tendrils of slime have grown from your body. [Jiyva's grace]
   392 | D        | Noticed an iguana
   394 | D        | Gained mutation: Armour fits poorly on your strangely shaped body. [Jiyva's grace]
   396 | D        | Lost mutation: Armour fits poorly on your strangely shaped body. [Jiyva's grace]
   408 | D        | Gained mutation: You are resistant to hostile enchantments. [Jiyva's grace]
   410 | D        | Gained mutation: You have a pair of small antennae on your head. [Jiyva's grace]
   411 | D        | Gained mutation: Your spells are a little harder to cast, but a little more powerful. [Jiyva's grace]
   411 | D        | Killed a gnoll sergeant
   411 | D        | Reached skill level 1 in Ice Magic
   411 | D        | Reached XP level 5. HP: 41/43 MP: 13/13
   412 | D        | Lost mutation: You have a pair of small antennae on your head. [Jiyva's grace]
   415 | D        | Reached skill level 1 in Poison Magic
   416 | D        | Killed a deep elf fighter
   416 | D        | Reached skill level 5 in Fighting
   416 | D        | Reached skill level 5 in Dodging
   416 | D        | Reached skill level 5 in Unarmed Combat
   416 | D        | Gained mutation: You occasionally shout uncontrollably at your foes. [Jiyva's grace]
   418 | D        | Gained mutation: You are frail (-10% HP). [Jiyva's grace]
   435 | D        | Reached skill level 5 in Spellcasting
   435 | D        | Reached skill level 5 in Transmutations
   444 | D        | Killed an iguana
   444 | D        | Reached XP level 6. HP: 45/45 MP: 17/17
   448 | D        | Killed Jessica
   458 | D        | Gained mutation: Your magical capacity is low (-10% MP). [Jiyva's grace]
   458 | D        | Gained mutation: You have very sharp teeth. [Jiyva's grace]
   458 | D        | Lost mutation: You are frail (-10% HP). [Jiyva's grace]
   459 | D        | Lost mutation: Your magical capacity is low (-10% MP). [Jiyva's power]
   461 | D        | Gained mutation: Your system is resistant to poisons. [Jiyva's grace]
   462 | D        | Gained mutation: Your mind is acute. (Int +2) [Jiyva's grace]
   463 | D        | Gained mutation: Your flesh is heat resistant. [Jiyva's grace]
   463 | D        | Gained mutation: Your skin is partially translucent (Stealth, -foe acc). [Jiyva's grace]
   464 | D        | Lost mutation: Your mind is acute. (Int +2) [Jiyva's grace]
   478 | D        | Learned a level 5 spell: Blade Hands
   479 | D        | Noticed a warg
   481 | D        | Killed a warg
   491 | D        | Noticed a necrophage
   491 | D        | Noticed a giant frog
   491 | D        | Noticed a quasit
   495 | D        | Killed a quasit
   495 | D        | Reached skill level 6 in Unarmed Combat
   504 | D        | Killed a giant frog
   521 | D        | Killed a necrophage
   521 | D        | Gained mutation: You are partially covered in iridescent scales (AC +4). [demonic ancestry]
   521 | D        | Reached XP level 7. HP: 23/58 MP: 20/20
   707 | D        | Noticed a scorpion
   707 | D        | Noticed a redback
   707 | D        | Noticed a wolf
   707 | D        | Noticed a wolf
   707 | D        | Noticed a wolf
   707 | D        | Noticed a wolf
   707 | D        | Noticed a wolf
   726 | D        | Killed a wolf
   732 | D        | Killed a wolf
   732 | D        | Reached skill level 7 in Fighting
   758 | D        | Killed a wolf
   765 | D        | Killed a wolf
   765 | D        | Gained mutation: You have sharp toenails. [demonic ancestry]
   765 | D        | Reached XP level 8. HP: 44/67 MP: 22/22
   777 | D        | Killed a scorpion
   779 | D        | Lost mutation: You are very agile. (Dex +4) [Jiyva's grace]
   782 | D        | Gained mutation: You are somewhat resistant to further mutation. [Jiyva's grace]
   782 | D        | Gained mutation: Your natural rate of healing is unusually fast. [Jiyva's grace]
   784 | D        | Lost mutation: Your spells are a little harder to cast, but a little more powerful. [Jiyva's grace]
   796 | D        | Killed a wolf
   799 | D        | Killed a redback
   848 | D        | Lost mutation: You occasionally shout uncontrollably at your foes. [Jiyva's grace]
   852 | D        | Gained mutation: You have an increased reservoir of magic (+10% MP). [Jiyva's grace]
   852 | D        | Lost mutation: Your skin is partially translucent (Stealth, -foe acc). [Jiyva's grace]
   919 | D        | Gained mutation: You possess an exceptional clarity of mind. [Jiyva's grace]
   919 | D        | Lost mutation: Your system is resistant to poisons. [Jiyva's grace]
   965 | D        | Noticed a centaur
   970 | D        | Killed a centaur
   970 | D        | Reached skill level 8 in Fighting
   973 | D        | Noticed Urug
   975 | D        | Noticed a goliath beetle
   975 | D        | Noticed a deep troll
   977 | D        | Noticed a redback
   978 | D        | Noticed a molten gargoyle
   982 | D        | Killed Urug
   982 | D        | HP: 2/123 [deep troll (9)]
   985 | D        | Killed a redback
   985 | D        | Reached skill level 5 in Poison Magic
   985 | D        | Killed from afar by a molten gargoyle

Action                   |  1- 3 |  4- 6 |  7- 9 || total
-------------------------+-------+-------+-------++-------
Melee: Unarmed           |    33 |    56 |    87 ||   176
 Cast: Beastly Appendage |     4 |     3 |     3 ||    10
       Ice Form          |       |       |     1 ||     1
Invok: Cure Bad Mutation |       |     1 |       ||     1
  Use: Potion            |       |     2 |     8 ||    10
       Scroll            |       |       |     1 ||     1
 Stab: Sleeping          |     1 |       |       ||     1
